AoeStats
← cegirke

Glade

510350803Analyzed
1v1 RM · 18h ago on Sep 30, 2026· 24m 55s· 2 players
Game mode
Random Map
Map size
Tiny (2 player)
Population
200
Speed
Normal
Resources
Standard
Victory
Conquest
Starting age
Dark Age
Ending age
Imperial Age
RankedLock teamsTeams togetherTeam positionsShared explorationLock speedFull tech treeHidden civsTurbo modeCheats
Victory
Defeat
🇹🇷 Britons · Türkiye
1112
+18
🇩🇰 Danes · Denmark
1071
-14
Pointy Boy
8:25 Loom
10:18 Feudal Age
8:35 Loom
10:03 Loom
10:50 Man-at-Arms
11:16 Arson
13:13 Padded Archer Armor
14:22 Scale Mail Armor
15:07 Forging
15:43 Double-Bit Axe
20:13 Fletching
25:04 Castle Age
22:49 Horse Collar
cegirke
7:17 Loom
9:39 Feudal Age
10:26 Double-Bit Axe
17:08 Fletching
17:34 Padded Archer Armor
23:05 Castle Age
23:06 Gold Mining
23:25 Crossbowman
24:18 Bodkin Arrow
Connection lost

Rejoining the realm…

Still unreachable

The connection could not be restored.

Session expired

The server has moved on; the page needs a fresh start.